 Dungeon Crawl Stone Soup version 0.29.1-2-gbd0b4ee654 (webtiles) character file.

Game seed: 1115799814920128780

11 mortz the Sneak (level 2, 0/15 HPs)
             Began as a Kobold Enchanter on Nov 12, 2022.
             Slain by a gnoll
             ... wielding a +0 club
              (6 damage)
             ... on level 1 of the Dungeon.
             The game lasted 00:01:44 (484 turns).

mortz the Sneak (Kobold Enchanter)                   Turns: 484, Time: 00:01:45

Health: 0/15       AC:  2    Str:  5    XL:     2   Next: 35%
Magic:  5/5        EV: 15    Int: 16    God:
Gold:   4          SH:  0    Dex: 15    Spells: 5/5 levels left

rFire   . . .      SeeInvis .   a - +1 dagger
rCold   . . .      Faith    .   (no shield)
rNeg    . . .      Spirit   .   b - +0 robe
rPois   .          Reflect  .   (no helmet)
rElec   .          Harm     .   (no cloak)
rCorr   .          Rampage  .   (no gloves)
Will    .....                   (no boots)
Stlth   ++++......              (no amulet)
HPRegen 0.05/turn               (no ring)
MPRegen 0.09/turn               (no ring)

@: no status effects
A: small, no large weapons, nightstalker 3
a: no special abilities


You were on level 1 of the Dungeon.
You visited 1 branch of the dungeon, and saw 1 of its levels.

You collected 4 gold pieces.

Inventory:

Hand Weapons
 a - a +1 dagger (weapon)
 h - a +0 dagger
Armour
 b - a +0 robe (worn)
Scrolls
 e - a scroll of butterflies {unknown}
 f - 2 scrolls of noise {unknown}
 g - 2 scrolls of identify {unknown}
Potions
 c - a potion of invisibility
 d - a potion of brilliance {unknown}
 i - a potion of curing {unknown}


   Skills:
 + Level 1.5 Short Blades
 + Level 2.4 Dodging
 + Level 4.3 Stealth
 + Level 2.4 Spellcasting
 + Level 3.2 Hexes


You had 5 spell levels left.
You didn't know any spells.
Your spell library contained the following spells:

 Spells                   Type           Power      Damage    Failure   Level
 Ensorcelled Hibernation  Hex/Ice        14%        N/A       16%         2
 Confusing Touch          Hex            12%        N/A       16%         3
 Tukima's Dance           Hex            12%        N/A       16%         3
 Dazzling Flash           Conj/Hex       14%        N/A       30%         3


Dungeon Overview and Level Annotations

Branches:
Dungeon (1/15) Zot: 5517

Altars:


Innate Abilities, Weirdness & Mutations

You are small and have problems with some larger weapons.
You are completely attuned to the shadows.


Message History

You fade into invisibility!
The jackal closely misses you.
A hobgoblin comes into view.
The jackal closely misses you.
The hobgoblin shouts!
The hobgoblin misses you.
A bat comes into view.
The jackal closely misses you.
The bat moves out of view.
The jackal closely misses you. The jackal misses you.
You flicker for a moment.
You flicker back into view.
A frilled lizard comes into view.
The frilled lizard hisses angrily.
You hit the frilled lizard.
The frilled lizard is heavily wounded.
The frilled lizard closely misses you.
You hit the frilled lizard but do no damage.
The frilled lizard is heavily wounded.
You hit the frilled lizard.
You kill the frilled lizard!
A gnoll is nearby!
You see here a +0 club.
You barely miss the gnoll.
The gnoll shouts!
The gnoll hits you with a +0 club.
You closely miss the gnoll. The gnoll closely misses you.
You barely miss the gnoll. The gnoll closely misses you.
You barely miss the gnoll. The gnoll misses you.
You hit the gnoll but do no damage. The gnoll closely misses you.
You hit the gnoll but do no damage. The gnoll misses you.
You hit the gnoll.
The gnoll is moderately wounded.
The gnoll hits you with a +0 club.
You hit the gnoll.
The gnoll is heavily wounded.
You hit the gnoll.
The gnoll is severely wounded.
The gnoll hits you with a +0 club.
You die...

.##...## ###...## #
.#.#### #.####.## #
..###.#####.#####.### #
..#.................###
#
#.#.#.######.####.....#
# #...#.# #.#
###.#.#### # ##.##.#
#.#####.......# #
#.##.#
###.......#####.# #
#.##.# #.....g@....#
#.## #.##.#
#..†.)....#.# #..# #.#
#..######...# #..# #
#.# #..#
#.#####..#######
#.##.####..#
#...............
#......†...#
##.#####.#######
####.####.## #.#
#.####### .....# #.#
#.# #........ ######
#.# #.# #########


You could see a gnoll.

Vanquished Creatures
  A dart slug (D:1)
  An endoplasm (D:1)
  A giant cockroach (D:1)
  A goblin (D:1)
  A hobgoblin (D:1)
  A jackal (D:1)
  A frilled lizard (D:1)
  A kobold (D:1)
8 creatures vanquished.

Notes
Turn   | Place    | Note
-------+----------+-------------------------------------------
     0 | D:1      | mortz the Kobold Enchanter began the quest for the Orb.
     0 | D:1      | Reached XP level 1. HP: 10/10 MP: 3/3
   202 | D:1      | Reached XP level 2. HP: 15/15 MP: 5/5
   484 | D:1      | Slain by a gnoll

Illustrated notes

Levels and vault maps discovered:
D:1:      dpeg_arrival_simpleton_a, layout_loops_ring,
          ebering_ecumenical_altar_petrified

Action                   || total
-------------------------++-------
Melee: Dagger            ||    29
  Use: Potion            ||     1
 Stab: Sleeping          ||     6
Armor: Robe              ||     5
Dodge: Dodged            ||    30
